 Dungeon Crawl Stone Soup version 0.20.0-8-g6b59dc7 (webtiles) character file.

291 Hasart the Skirmisher (level 6, -3/43 HPs)
             Began as an Octopode Fighter on June 2, 2017.
             Slain by a gnoll
             ... wielding a +0 spear
              (6 damage)
             ... on level 3 of the Dungeon.
             The game lasted 00:06:20 (2361 turns).

Hasart the Skirmisher (Octopode Fighter)            Turns: 2361, Time: 00:06:21

Health: -3/43      AC:  1    Str: 18    XL:     6   Next: 32%
Magic:  6/6        EV: 12    Int: 10    God:
Gold:   186        SH:  9    Dex: 11    Spells: 5/5 levels left

rFire    . . .     SeeInvis .   a - +0 flail
rCold    . . .     Gourm    .   b - +0 shield
rNeg     . . .     Faith    .   (helmet restricted)
rPois    .         Spirit   .   (no amulet)
rElec    .         Reflect  .   (no ring)
rCorr    .         Harm     .   (no ring)
MR       .....                  (no ring)
Stlth    +++.......             (no ring)
Regen    0.2/turn               (no ring)
MPRegen  0.1/turn               (no ring)
                                (no ring)
                                (no ring)

@: no status effects
A: almost no armour, stealthy swim, amphibious, 8 rings, constrict 8, camouflage
1, gelatinous body 1
a: no special abilities


You were on level 3 of the Dungeon.
You were not hungry.

You visited 1 branch of the dungeon, and saw 3 of its levels.
You also visited: Sewer.

You collected 186 gold pieces.

Inventory:

Hand Weapons
 a - a +0 flail (weapon)
Armour
 b - a +0 shield (worn)
Scrolls
 c - a scroll of holy word {unknown}
 f - a scroll of amnesia {unknown}
 h - 3 scrolls of remove curse {unknown}
 i - a scroll of identify {unknown}
 j - 2 scrolls of teleportation {unknown}
 l - 2 scrolls of magic mapping {unknown}
 m - a scroll of enchant armour {unknown}
 n - a scroll of random uselessness {unknown}
 s - a scroll of enchant weapon {unknown}
Potions
 e - 2 potions of heal wounds
 k - a potion of cancellation {unknown}
 o - a potion of mutation {unknown}
 r - 2 potions of degeneration {unknown}
 t - a potion of curing {unknown}
 u - a potion of berserk rage {unknown}
Books
 p - a book of Maledictions

   Spells                             Type                      Level
   a - Corona                         Hexes                        1
   b - Ensorcelled Hibernation        Hexes/Ice                    2
   c - Confuse                        Hexes                        3
   d - Tukima's Dance                 Hexes                        3
   e - Dazzling Spray                 Conjuration/Hexes            3
Comestibles
 d - 3 bread rations
 g - 3 royal jellies
 q - a meat ration
 v - a chunk of flesh


   Skills:
 + Level 4.1 Fighting
 * Level 3.8 Maces & Flails
 + Level 4.0 Dodging
 + Level 3.0 Stealth
 + Level 3.9 Shields


You had 5 spell levels left.
You didn't know any spells.

Dungeon Overview and Level Annotations

Branches:
Dungeon (3/15)

Altars:


Innate Abilities, Weirdness & Mutations

You cannot wear most types of armour.
You are very stealthy in the water. (Stealth+)
You are amphibious.
You can wear up to eight rings at the same time.
You can use your tentacles to constrict eight enemies at once.
Your skin changes colour to match your surroundings (Stealth+).
Your rubbery body absorbs attacks. (AC +1, EV +1)


Message History

You hit the gnoll. Your grab misses the gnoll. You squeeze the gnoll.
You kill the gnoll!
Your Stealth skill increases to level 3!
The gnoll hits you from afar with a spear.
* * * LOW HITPOINT WARNING * * *
Unknown command.
You block the gnoll's attack.
Things that are here:
a flail; a spear; a gnoll corpse You hit the gnoll.
Your grab misses the gnoll. Your squeeze misses the gnoll.
The gnoll is moderately wounded.
You block the gnoll's attack. The gnoll closely misses you.
You barely miss the gnoll. You grab the gnoll.
The gnoll is moderately wounded.
You constrict the gnoll. The gnoll hits you with a spear.
* * * LOW HITPOINT WARNING * * *
You completely miss the gnoll.
The gnoll is heavily wounded.
You constrict the gnoll. The gnoll hits you with a spear.
You die...

#.....)............#
#.#####.#.###.##.#.#
#.# #.#.# #.##.#.###
#(# #.###
#(.......## #.# #.#
#.......... #.# ###
######..... #.# ##
## ###.## #
#.#####.#...#. #.#
#.##.##).@g'.⌠.'.
#<#
#...>†..##.#...#.
#.# ####))...### ##
#.# #.##### #. #.#
#.# #.# #.# #.#


You could see a gnoll.

Vanquished Creatures
  A crocodile (Sewer)
  An orc priest (D:3)
  Crazy Yiuf (D:2)
  3 adders
  3 gnolls (D:3)
  3 river rats (D:3)
  2 dart slugs
  2 leopard geckos
  5 orcs (D:3)
  3 giant cockroaches
  9 goblins
  4 hobgoblins
  5 jackals
  2 quokkas (D:2)
  9 bats
  4 frilled lizards
  6 kobolds
  9 rats
72 creatures vanquished.

Notes
Turn   | Place    | Note
-------+----------+-------------------------------------------
     0 | D:1      | Hasart the Octopode Fighter began the quest for the Orb.
     0 | D:1      | Reached XP level 1. HP: 16/16 MP: 1/1
   229 | D:1      | Reached XP level 2. HP: 19/21 MP: 2/2
   570 | D:1      | Reached skill level 1 in Stealth
   791 | D:2      | Reached XP level 3. HP: 4/26 MP: 3/3
  1103 | D:2      | Found a runed door.
  1107 | D:2      | Noticed Crazy Yiuf
  1112 | D:2      | Killed Crazy Yiuf
  1112 | D:2      | Reached XP level 4. HP: 31/31 MP: 4/4
  1504 | D:3      | Found a glowing drain.
  1523 | D:3      | Reached XP level 5. HP: 13/36 MP: 5/5
  1675 | Sewer    | Entered a sewer
  1700 | Sewer    | Noticed a crocodile
  1709 | Sewer    | Killed a crocodile
  2043 | D:3      | Reached XP level 6. HP: 43/43 MP: 6/6
  2360 | D:3      | HP: 2/43 [gnoll/spear (5)]
  2361 | D:3      | Slain by a gnoll

Skill      XL: |  1  2  3  4  5  6 |
---------------+-------------------+-----
Stealth        | 1 2 3 |  3.0
Maces & Flails | 3 |  3.8
Fighting       | 4 |  4.1
Dodging        | 4 |  4.0
Shields        | |  3.9

Action                   |  1- 3 |  4- 6 || total
-------------------------+-------+-------++-------
Melee: Flail             |    67 |    84 ||   151
       Constrict         |    17 |    25 ||    42
       Tentacles         |    10 |    25 ||    35
  Use: Potion            |     1 |     1 ||     2
 Stab: Sleeping          |     2 |     6 ||     8
       Distracted        |     1 |       ||     1
  Eat: Chunk             |     1 |     4 ||     5
Armor: Skin              |     7 |     4 ||    11
Dodge: Dodged            |    34 |    39 ||    73
Block: Shield            |    29 |    36 ||    65
